 Dungeon Crawl Stone Soup version 0.28.0 (console) character file.

Game seed: 5793912754585252049

51 ryathie the Skirmisher (level 3, -3/24 HPs)
             Began as a Gargoyle Fighter on Feb 19, 2022.
             Killed by divine providence
             ... invoked by an orc priest
              (14 damage)
             ... on level 4 of the Dungeon.
             The game lasted 00:03:06 (519 turns).

ryathie the Skirmisher (Gargoyle Fighter)            Turns: 519, Time: 00:03:07

Health: -3/24      AC: 11    Str: 25    XL:     3   Next: 81%
Magic:  3/3        EV:  9    Int:  8    God:
Gold:   60         SH:  4    Dex: 11    Spells: 2/2 levels left

rFire   . . .      SeeInvis .   a - +0 war axe
rCold   . . .      Faith    .   c - +0 buckler
rNeg    + . .      Spirit   .   b - +1 scale mail
rPois   ∞          Reflect  .   (no helmet)
rElec   +          Harm     .   (no cloak)
rCorr   .          Rampage  .   (no gloves)
Will    .....                   (no boots)
Stlth   ..........              (no amulet)
HPRegen 0.08/turn               e - +6 ring of strength
MPRegen 0.08/turn               (no ring)

@: no status effects
A: sickness immunity, AC +3, negative energy resistance 1, electricity
resistance, torment resistance 1, petrification resistance
a: no special abilities


You were on level 4 of the Dungeon.
You visited 1 branch of the dungeon, and saw 5 of its levels.

You collected 60 gold pieces.

Inventory:

Hand Weapons
 a - a +0 war axe (weapon)
Armour
 b - a +1 scale mail (worn)
 c - a +0 buckler (worn)
Jewellery
 e - a +6 ring of strength (left hand)
Potions
 d - a potion of might
 h - a potion of magic


   Skills:
 - Level 4.0 Fighting
 + Level 3.1 Axes
 - Level 3.2 Armour
 - Level 3.2 Shields


You had 2 spell levels left.
You didn't know any spells.
Your spell library contained the following spells:

 Spells                   Type           Power      Damage    Failure   Level
 Beastly Appendage        Tmut           0%         N/A       80%         1
 Wereblood                Tmut           0%         N/A       90%         2
 Spider Form              Tmut/Pois      0%         N/A       99%         3


Dungeon Overview and Level Annotations

Branches:
Dungeon (5/15)
 Temple: D:4-7

Altars:


Innate Abilities, Weirdness & Mutations

You are immune to sickness and miasma.
Your stone body is resilient. (AC +3)
You are immune to poison.
You resist negative energy. (rN+)
You are resistant to electric shocks. (rElec)
You are resistant to unholy torment.
You are immune to petrification.


Message History

Unknown command.
An orc comes into view. It is wielding a +0 club.
The orc shouts! x2
An orc comes into view. It is wielding a +0 dagger.
Unknown command.
Unknown command.
Unknown command.
Unknown command.
Unknown command.
There is a stone staircase leading down here.
You barely miss the orc. The orc barely misses you.
You barely miss the orc. The orc hits you but does no damage.
An orc priest comes into view. It is wielding a +0 falchion.
The orc priest shouts!
You hit the orc.
The orc is moderately wounded.
You closely miss the orc. The orc hits you but does no damage.
The orc completely misses you. The orc closely misses you.
The orc hits you but does no damage.
You slash the orc!
You kill the orc!
You barely miss the orc.
You hear the slow rusting of a very distant drain.
The orc barely misses you.
The orc priest invokes the aid of Beogh against you.
Beogh smites you!
You hear a shout!
The orc barely misses you.
Found 19 gold pieces.
Found 16 gold pieces.
The orc shouts!
An orc comes into view. It is wielding a +0 mace.
The orc hits you with a +0 short sword.
The orc priest casts a cantrip, but nothing happens.
The orc hits you but does no damage. The orc barely misses you.
The orc priest mumbles some strange prayers to Beogh against you.
Beogh smites you!
Ouch! That really hurt!
You die...

## ..# #. #.###########
####.##...........######
.............<.....#...
.....................#
...................##
#...........<...#
#.o.............#
#...........@...# #
#.#............##
..###.##..(....oo.##
....).#....#..#..## #
..##.>o....##.#...## .#
#.....#.###.##o..#..#
#.....o...#..#.....#
......###.#.##.##o..####
....#..
#.#.............#


You could see an orc priest and 3 orcs.

Vanquished Creatures
  A howler monkey skeleton (D:5)
  2 dart slugs (D:1)
  2 orcs
  3 bats
  3 endoplasms
  A giant cockroach (D:1)
  5 goblins
  A hobgoblin (D:1)
  2 quokkas
  2 ball pythons
  A frilled lizard (D:1)
  6 kobolds
  2 rats
31 creatures vanquished.

Notes
Turn   | Place    | Note
-------+----------+-------------------------------------------
     0 | D:1      | ryathie the Gargoyle Fighter began the quest for the Orb.
     0 | D:1      | Reached XP level 1. HP: 14/14 MP: 1/1
   136 | D:2      | Reached XP level 2. HP: 16/19 MP: 2/2
   275 | D:1      | Reached XP level 3. HP: 24/24 MP: 3/3
   290 | D:1      | Reached skill level 4 in Fighting
   472 | D:5      | Entered Level 5 of the Dungeon
   519 | D:4      | Killed from afar by an orc priest

Illustrated notes

Levels and vault maps discovered:
D:1:      saegor_arrival_fortress, layout_loops_ring,
          shapermc_ecumenical_altar_flowoftime
D:2:      layout_rooms, uniq_natasha
D:3:      layout_loops_corners, uniq_crazy_yiuf_cottage
D:4:      layout_rooms, cheibrodos_sewer_entry_bend, columned_hall_lemuel,
          uniq_duvessa
D:5:      layout_rooms, minmay_temple_entry_slanted

Skill      XL: |  1  2  3 |
---------------+----------+-----
Axes           | 2 3 |  3.1
Fighting       | 4 |  4.0
Armour         | |  3.2
Shields        | |  3.2

Action                   || total
-------------------------++-------
Melee: War axe           ||    83
  Use: Scroll            ||     3
Armor: Scale mail        ||    57
Dodge: Dodged            ||    53
Block: Buckler           ||    21
